 Dungeon Crawl Stone Soup version 0.30.1-4-g462c640d31 (webtiles) character file.

Game seed: 18283163671078218440

19467 spardeous the Thaumaturge (level 12, 0/69 (81) HPs)
             Began as a Demigod Conjurer on Aug 31, 2023.
             Shot with an arrow by a tengu warrior (1 damage)
             ... on level 11 of the Dungeon.
             The game lasted 00:28:01 (21003 turns).

spardeous the Thaumaturge (Demigod Conjurer)       Turns: 21003, Time: 00:28:01

HP:   0/69 (81)     AC:  9    Str: 20    XL:     12   Next: 9%
MP:   5/33          EV: 16    Int: 24    God:
Gold: 729           SH:  4    Dex: 18    Spells: 25/37 levels left

rFire   + . .        K - +5 war axe of the Burnt God {heavy, rPois}
rCold   + . .        O - +0 buckler
rNeg    . . .        T - +2 ring mail {rC+}
rPois   +            s - +0 helmet
rElec   +            y - +0 cloak
rCorr   .            (no gloves)
SInv    .            (no boots)
Will    ++...        Z - amulet of the acrobat
Stlth   +            C - +5 ring of evasion
HPRegen 0.31/turn    p - ring of Miwaf {*Slow rElec rF+ Will+ Dex+6}
MPRegen 0.23/turn

%: slow self (1%), acrobat
@: heavily drained
A: high MP 1, forlorn, divine attributes
a: no special abilities


You were on level 11 of the Dungeon.
You visited 1 branch of the dungeon, and saw 11 of its levels.
You also visited: Ossuary and Bailey.

You collected 729 gold pieces.

Inventory:

Hand Weapons
 r - a +4 hand axe
 K - the +5 war axe of the Burnt God (weapon) {heavy, rPois}
   (You found it on level 7 of the Dungeon)

   rPois:     It protects you from poison.
Armour
 k - an orb of light
 s - a +0 helmet (worn)
 y - a +0 cloak (worn)
 D - a +0 kite shield
 F - +0 steam dragon scales
 O - a +0 buckler (worn)
 S - a +4 plate armour of willpower
 T - a +2 ring mail of cold resistance (worn)
 U - the +1 scale mail of the Spider Nest {rN+++ rCorr MP-9 Int-4}
   (You found it in a bailey)

   Int:       It affects your intelligence (-4).
   rN:        It renders you almost immune to negative energy.
   MP:        It affects your magic capacity (-9).
   rCorr:     It protects you from acid and corrosion.
 V - a +2 plate armour of cold resistance
Magical Staves
 E - a staff of death
Jewellery
 b - a ring of protection from fire
 f - a ring of wizardry
 l - a +6 ring of dexterity
 o - a ring of positive energy
 p - the ring of Miwaf (right hand) {*Slow rElec rF+ Will+ Dex+6}
   (You found it on level 2 of the Dungeon)

   [ring of dexterity]

   Dex:       It affects your dexterity (+6).
   rF:        It protects you from fire.
   rElec:     It insulates you from electricity.
   *Slow:     It may slow you when you take damage.
   Will:      It increases your willpower.
 v - a +4 ring of slaying
 C - a +5 ring of evasion (left hand)
 Z - an amulet of the acrobat (around neck)
Wands
 n - a wand of roots (12)
 J - a wand of digging (5)
 Q - a wand of flame (34)
Scrolls
 c - a scroll of poison
 e - 5 scrolls of enchant armour
 g - 4 scrolls of teleportation
 m - a scroll of enchant weapon
 t - 2 scrolls of fear
 u - 4 scrolls of fog
 x - 5 scrolls of vulnerability
 z - 5 scrolls of blinking {unknown}
 I - a scroll of silence
 P - 3 scrolls of amnesia
 R - a scroll of acquirement {unknown}
 W - a scroll of summoning {unknown}
 Y - a scroll of torment {unknown}
Potions
 a - a potion of attraction {unknown}
 d - 2 potions of curing
 h - 2 potions of ambrosia {unknown}
 i - 4 potions of lignification {unknown}
 q - 3 potions of might {unknown}
 w - 2 potions of heal wounds {unknown}
 A - 2 potions of cancellation {unknown}
 B - 2 potions of berserk rage {unknown}
 G - a potion of flight {unknown}
 H - 2 potions of haste {unknown}
 L - a potion of invisibility {unknown}
 M - 2 potions of brilliance {unknown}
 N - 2 potions of degeneration {unknown}
Miscellaneous
 X - a condenser vane (inert)


   Skills:
 - Level 1.7 Dodging
 - Level 1.7 Stealth
 - Level 13.0 Spellcasting
 - Level 12.0 Conjurations
 + Level 5.6 Translocations


You had 25 spell levels left.
You knew the following spells:

 Your Spells              Type           Power      Damage    Failure   Level
a - Magic Dart            Conj           100%       1d8       1%          1
b - Searing Ray           Conj           100%       2d8       1%          2
c - Iskenderun's Mystic   Conj/Tloc      55%        2d12      2%          4
i - Iskenderun's Battles  Conj           65%        2d11      1%          5

Your spell library contained the following spells:

 Spells                   Type           Power      Damage    Failure   Level
 Apportation              Tloc           84%        N/A       1%          1
 Kiss of Death            Conj/Necr      100%       2d13      1%          1
 Dazzling Flash           Conj/Hex       88%        N/A       2%          3
 Hailstorm                Conj/Ice       44%        3d10      2%          3
 Fulminant Prism          Conj/Hex       22%        3d12      7%          4
 Freeze                   Ice            60%        1d7       9%          1
 Necrotise                Necr           60%        1d7       9%          1
 Summon Small Mammal      Summ           60%        N/A       9%          1
 Ensorcelled Hibernation  Hex/Ice        30%        N/A       13%         2
 Passwall                 Tmut/Erth      12%        N/A       13%         2
 Fireball                 Conj/Fire      22%        3d10      21%         5
 Confusing Touch          Hex            15%        N/A       26%         3
 Frozen Ramparts          Ice            30%        1d5       26%         3
 Swiftness                Air            15%        N/A       26%         3
 Orb of Destruction       Conj           32%        9d10      45%         7
 Dispel Undead            Necr           15%        3d10      63%         4
 Conjure Ball Lightning   Conj/Air       22%        3x3d6     73%         6


Dungeon Overview and Level Annotations

Branches:
Dungeon (11/15)            Temple (0/1) D:5            Lair (0/5) D:11
Ossuary (visited)          Bailey (visited)
    Orc: D:9-12

Portals:
Trove: D:10 (give 4 potions of resistance)


Innate Abilities, Weirdness & Mutations

You have an increased reservoir of magic. (+10% MP)
You shall have no god before yourself.
Your divine heritage dramatically boosts your attributes as you level up.


Message History

The tengu warrior is moderately wounded.
The tengu warrior is knocked back by the mystic blast.
The tengu warrior slams into the crystal wall!
The tengu warrior is moderately wounded.
Your battlesphere fires!
The barrage of energy hits the tengu warrior!
The tengu warrior is heavily wounded.
The tengu warrior shoots an arrow.
The arrow hits you!
* * * LOW HITPOINT WARNING * * *
You feel drained.
* * * LOW HITPOINT WARNING * * *
You take 14 damage, and have 6/70 hp.
You now have 13/33 mp.
Unknown command.
Unknown command.
Casting: Iskenderun's Mystic Blast (dangerous; 2% risk of failure)
Confirm with . or Enter, or press ? or * to list all spells.
You erupt in a blast of force!
The mystic blast hits the tengu warrior.
The tengu warrior is heavily wounded.
The tengu warrior is knocked back by the mystic blast.
The tengu warrior slams into the crystal wall!
The tengu warrior is heavily wounded.
Your battlesphere fires!
The barrage of energy hits the tengu warrior!
The tengu warrior is severely wounded.
You now have 9/33 mp.
Unknown command.
Unknown command.
Casting: Iskenderun's Mystic Blast (dangerous; 2% risk of failure)
Confirm with . or Enter, or press ? or * to list all spells.
You erupt in a blast of force!
The mystic blast hits the tengu warrior but does no damage.
The tengu warrior is severely wounded.
Your battlesphere fires!
The barrage of energy hits the tengu warrior!
The tengu warrior is almost dead.
The tengu warrior shoots an arrow.
The arrow hits you.
* * * LOW HITPOINT WARNING * * *
You feel drained.
You die...

#...........###.##[##.##. #..
#...........###.#.#..##.# #.#
............##.##.#####C# #..
..###.......##Q###..##.# ##.
..#.##.......##.####.Q## ##
....##........##..##### #
.##..##........###Q###
###.....(......#8[..8#
..#.##.........#@*#..#
..#####....###.#.###.# ..#
###.(......#..#..#
..###.......#..#8...8#
...#........#..###.###
..............##..#..## #
....#..>.....##..#.#..## ##
...####.....##..#####..#########.
<..####....)#).#.#.###..#.....#.)


You could see a tengu warrior (resistant, ally target, reflecting) and a
friendly battlesphere.

Vanquished Creatures
  2 two-headed ogres (D:9)
  Pikel (D:7)
  An orc knight (Bailey)
  The ghost of lonewolfV2 the Chopper, a novice DsBe of Trog (D:6)
  A deep elf zephyrmancer (Bailey)
  A manticore (D:10)
  4 cyclopes
  2 ugly things (D:11)
  2 gargoyles
  A freezing wraith (D:11)
  3 unseen horrors
  A komodo dragon (D:8)
  5 trolls
  A vampire (D:11)
  2 hogs (D:10)
  17 yaks
  A wyvern (D:11)
  4 wraiths
  3 steam dragons
  A human (D:10)
  2 basilisks (D:11)
  4 vampire mosquitoes
  Menkaure (D:4)
  3 acid dragons (D:11)
  2 water moccasins
  11 orc warriors
  3 sky beasts
  An ice beast (D:4)
  3 ogres (D:7)
  2 phantoms
  7 centaurs
  A lemure (D:7)
  An elf zombie (Ossuary)
  5 bullfrogs
  2 gnoll sergeants
  A scorpion (D:4)
  13 wights
  9 killer bees
  An electric eel (D:6)
  4 howler monkeys
  2 hounds
  5 jellies
  11 orc priests
  6 iguanas
  7 orc wizards
  A sleepcap (D:4)
  A hound zombie (Ossuary)
  5 mummies
  8 gnolls
  10 adders
  3 white imps
  An adder zombie (Ossuary)
  4 worms
  2 dart slugs
  29 orcs
  16 ball pythons
  10 bats
  11 endoplasms
  3 giant cockroaches
  3 gnoll zombies (Ossuary)
  16 goblins
  7 hobgoblins
  4 jackals
  9 kobolds
  10 quokkas
  4 frilled lizards
  3 goblin zombies (Ossuary)
  A hobgoblin zombie (D:6)
  A jackal zombie (Ossuary)
  5 kobold zombies
  5 rats
333 creatures vanquished.

Notes
Turn   | Place    | Note
-------+----------+-------------------------------------------
     0 | D:1      | spardeous the Demigod Conjurer began the quest for the Orb.
     0 | D:1      | Reached XP level 1. HP: 14/14 MP: 5/5
   128 | D:1      | Reached skill level 2 in Spellcasting
   339 | D:1      | Reached XP level 2. HP: 20/20 MP: 5/7
   485 | D:1      | HP: 1/20 [kobold/+0 mace (5)]
  1045 | D:1      | Reached XP level 3. HP: 26/26 MP: 0/9
  1707 | D:2      | Learned a level 2 spell: Searing Ray
  1942 | D:2      | Identified the ring of Miwaf {*Slow rElec rF+ Will+ Dex+6}
  2620 | D:2      | Reached skill level 3 in Spellcasting
  2620 | D:2      | Reached XP level 4. HP: 33/33 MP: 8/11
  3551 | D:3      | Reached XP level 5. HP: 38/38 MP: 10/13
  3772 | D:3      | Reached skill level 5 in Conjurations
  4154 | D:3      | Learned a level 4 spell: Iskenderun's Mystic Blast
  4259 | D:4      | Reached skill level 4 in Spellcasting
  4374 | D:4      | Noticed an ice beast
  4400 | D:4      | Reached XP level 6. HP: 45/45 MP: 9/15
  4542 | D:4      | Learned a level 5 spell: Iskenderun's Battlesphere
  4765 | D:4      | Noticed Menkaure
  4778 | D:4      | Killed Menkaure
  5199 | D:4      | Reached XP level 7. HP: 34/50 MP: 3/17
  5389 | D:5      | Entered Level 5 of the Dungeon
  5429 | D:5      | Reached skill level 5 in Spellcasting
  5789 | D:5      | Found a staircase to the Ecumenical Temple.
  6502 | D:6      | Reached skill level 1 in Translocations
  6813 | D:6      | Reached XP level 8. HP: 57/57 MP: 12/20
  6958 | D:6      | Reached skill level 6 in Spellcasting
  8719 | D:6      | Reached XP level 9. HP: 57/62 MP: 15/23
  8787 | D:6      | Found a runed translucent gate.
  8787 | D:6      | Found a runed translucent gate.
  8787 | D:6      | Found a runed translucent gate.
  8791 | D:6      | Noticed lonewolfV2's ghost (novice DsBe)
  8853 | D:7      | Noticed a cyclops
  8863 | D:7      | Killed a cyclops
  8864 | D:7      | Reached skill level 7 in Spellcasting
  8942 | D:7      | Noticed a gargoyle
  8955 | D:7      | Killed a gargoyle
  9444 | D:7      | Reached skill level 8 in Spellcasting
  9632 | D:7      | Noticed Pikel
  9652 | D:7      | Killed Pikel
  9760 | D:7      | Identified the +5 war axe of the Burnt God {heavy, rPois}
 10796 | D:8      | Found a sand-covered staircase.
 10823 | Ossuary  | Entered an ossuary
 10969 | Ossuary  | Reached XP level 10. HP: 69/69 MP: 11/26
 11522 | D:8      | Reached skill level 10 in Conjurations
 11746 | D:8      | Reached skill level 9 in Spellcasting
 14479 | D:9      | Noticed a two-headed ogre
 14486 | D:9      | Killed a two-headed ogre
 14554 | D:9      | You fall into a shaft and drop 2 floors!
 14716 | D:11     | Noticed a brown ugly thing
 14717 | D:11     | Noticed a red ugly thing
 14746 | D:11     | Killed a red ugly thing
 14957 | D:11     | Found a staircase to the Lair.
 15005 | D:11     | Reached skill level 10 in Spellcasting
 15150 | D:11     | Noticed a cyclops
 15171 | D:11     | Killed a cyclops
 15172 | D:11     | Reached XP level 11. HP: 25/74 MP: 1/29
 15621 | D:10     | Entered Level 10 of the Dungeon
 15729 | D:10     | Found a flagged portal.
 15746 | Bailey   | Entered a bailey
 16063 | Bailey   | Noticed an orc knight
 16074 | Bailey   | Killed an orc knight
 16308 | Bailey   | Found a large runed translucent door.
 16308 | Bailey   | Found a large runed translucent door.
 16309 | Bailey   | Noticed a deep elf zephyrmancer
 16390 | Bailey   | Killed a deep elf zephyrmancer
 16391 | Bailey   | Reached skill level 11 in Spellcasting
 16414 | Bailey   | Identified the +1 scale mail of the Spider Nest {rN+++
                  | rCorr MP-9 Int-4}
 16951 | D:10     | Found a portal to a secret trove of treasure.
 17529 | D:9      | Noticed a two-headed ogre
 17535 | D:9      | Killed a two-headed ogre
 17536 | D:9      | Reached skill level 12 in Spellcasting
 18815 | D:6      | Killed lonewolfV2's ghost
 19963 | D:11     | Noticed a boulder beetle
 20568 | D:11     | Reached XP level 12. HP: 81/81 MP: 20/33
 20571 | D:11     | Reached skill level 13 in Spellcasting
 20571 | D:11     | Reached skill level 5 in Translocations
 21003 | D:11     | HP: 1/70 [tengu warrior/arrow (5)]
 21003 | D:11     | Shot with an arrow by a tengu warrior

Illustrated notes

Levels and vault maps discovered:
D:1:      zaba_arrival_water, layout_basic, minivault_5, st_stairs_13,
          nrook_campfire, hangedman_decor_growths,
          hangedman_abyss_or_decor_stabs, minmay_misc_feat_diagonals
D:2:      layout_basic, basic_altar
D:3:      minmay_bubble_buster, layout_rooms, nicolae_overflow_two_pavilions,
          minmay_surrounded
D:4:      layout_basic, amcnicky_altar_gilded, uniq_menkaure
D:5:      layout_loops_ring, minmay_temple_entry_glass, portal_sewer_entry_e
D:6:      layout_layer_cave, marbit_many_paths, gammafunk_temple_overflow_claw,
          nicolae_overflow_squiral, ebering_ghost_rock_garden,
          minmay_mini_ossuary
D:7:      minmay_opposing_rooms, layout_loops_ring, uniq_pikel
D:8:      layout_layer_cave, kennysheep_mini_moat,
          nicolae_ossuary_entry_false_entrances
D:9:      layout_long_grid
D:10:     layout_cave_pools, lemuel_tele_altar, mainiacjoe_overflow_24_doors,
          nicolae_vehumet_radiance, enter_bailey_5, nicolae_trove_entry_crystal,
          grunt_livestock
D:11:     minmay_the_grid_octo_tiled_octocenter
          [minmay_the_grid_octo_tetromino_candy,
          minmay_the_grid_octo_thin_diamonds, minmay_the_grid_octo_fat_diamond,
          minmay_the_grid_octo_fan_narrow, minmay_the_grid_octo_prize_big_c,
          minmay_the_grid_square_5x5_inner_z,
          minmay_the_grid_square_5x5_minibox,
          minmay_the_grid_square_5x5_shrine2,
          minmay_the_grid_square_5x5_trominoes], layout_cave_pools, minivault_23

Skill      XL: |  1  2  3  4  5  6  7  8  9 10 11 12 |
---------------+-------------------------------------+-----
Spellcasting   | 2 3 4 5 6 8 10 12 13 | 13.0
Conjurations   | 4 5 6 7 8 9 11 12 | 12.0
Translocations | 2 4 5 |  5.6
Dodging        | |  1.7
Stealth        | |  1.7

Action                     |  1- 3 |  4- 6 |  7- 9 | 10-12 || total
---------------------------+-------+-------+-------+-------++-------
  Melee: Unarmed           |     1 |       |       |       ||     1
         War axe           |       |       |       |     6 ||     6
   Cast: Magic Dart        |   125 |   129 |   217 |   307 ||   778
         Searing Ray       |     1 |     8 |    34 |     1 ||    44
         Iskenderun's Batt |       |       |    17 |    68 ||    85
         Iskenderun's Myst |       |       |     2 |    95 ||    97
  Evoke: Wand              |       |       |       |     7 ||     7
         Condenser vane    |       |       |       |     1 ||     1
    Use: Scroll            |       |     1 |     1 |    15 ||    17
         Potion            |       |       |       |     6 ||     6
 Armour: Robe              |     4 |       |       |       ||     4
         Ring mail         |     4 |    19 |    12 |    13 ||    48
         Steam dragon scal |       |       |     6 |    12 ||    18
  Dodge: Dodged            |    27 |    19 |    76 |   124 ||   246
  Block: Buckler           |       |       |       |    16 ||    16
